AoeStats
← giussepearteaga

Socotra

504143544Analyzed
4v4 RM · 27d ago on Sep 4, 2026· 57m 48s· 8 players
Game mode
Random Map
Map size
148×148
Population
200
Speed
Normal
Resources
Standard
Victory
Conquest
Starting age
Dark Age
Ending age
Imperial Age
RankedLock teamsTeams togetherTeam positionsShared explorationLock speedFull tech treeHidden civsTurbo modeCheats
Victory
Defeat
🇧🇷 Teutons · Brazil
788
+35
🇦🇷 Bulgarians · Argentina
740
+15
🇺🇸 Japanese · United States
685
+17
🇨🇳 Aztecs · China
678
+18
🇨🇴 Bohemians · Colombia
737
-17
🇨🇴 Byzantines · Colombia
718
-16
🇨🇴 Mapuche · Colombia
709
-15
🇨🇴 Cumans · Colombia
699
-15
alexgolan
0:47 Loom
14:19 Feudal Age
15:46 Horse Collar
16:07 Double-Bit Axe
24:03 Wheelbarrow
29:04 Castle Age
29:45 Heavy Plow
29:58 Bow Saw
29:50 Pikeman
30:34 Squires
31:05 Scale Mail Armor
31:17 Forging
32:31 Fletching
32:57 Chain Mail Armor
33:21 Iron Casting
35:16 Fortified Wall
34:47 Treadmill Crane
34:59 Guard Tower
36:18 Yasama
40:19 Imperial Age
39:12 Ballistics
39:03 Masonry
40:44 Halberdier
42:10 Plate Mail Armor
41:37 Bodkin Arrow
42:43 Blast Furnace
44:23 Chemistry
43:59 Keep
46:18 Elite Samurai
47:48 Conscription
48:25 Hoardings
49:37 Two-Man Saw
Jaime Pereira
4:37 Loom
13:09 Feudal Age
13:30 Feudal Age
18:58 Castle Age
18:13 Stone Mining
18:38 Fletching
20:27 Wheelbarrow
28:30 Double-Bit Axe
28:29 Horse Collar
29:32 Pikeman
34:05 Caravan
34:21 Town Watch
35:33 Heavy Plow
37:05 Elite Skirmisher
41:13 Imperial Age
41:17 Forging
41:07 Scale Mail Armor
41:12 Scale Barding Armor
41:04 Bodkin Arrow
41:10 Padded Archer Armor
41:16 Squires
42:03 Bow Saw
43:02 Chain Mail Armor
42:53 Gambesons
42:29 Man-at-Arms
44:03 Halberdier
47:44 Iron Casting
49:52 Long Swordsman
49:59 Elite Teutonic Knight
51:00 Conscription
Supiluliuma
0:28 Loom
11:35 Feudal Age
23:36 Castle Age
21:35 Double-Bit Axe
33:54 Forging
33:50 Scale Barding Armor
34:51 Wheelbarrow
40:30 Imperial Age
38:01 Horse Collar
38:33 Bow Saw
41:21 Hand Cart
44:12 Elite Konnik
48:31 Gold Mining
48:47 Light Cavalry
50:26 Bloodlines
50:17 Husbandry
51:34 Town Watch
55:32 Chemistry
54:54 Ballistics
55:46 Hussar
56:58 Chain Barding Armor
57:15 Iron Casting
HBNUVHTFGHYHUGY
11:04 Feudal Age
18:34 Castle Age
18:20 Scale Mail Armor
20:10 Eagle Warrior
20:56 Squires
22:39 Arson
23:41 Gambesons
23:49 Pikeman
24:47 Forging
31:14 Chain Mail Armor
38:09 Iron Casting
45:41 Wheelbarrow
44:52 Loom
51:08 Imperial Age
53:59 Elite Eagle Warrior
55:12 Plate Mail Armor
56:15 Blast Furnace
giussepearteaga
10:56 Feudal Age
11:28 Horse Collar
11:34 Double-Bit Axe
24:43 Castle Age
27:47 Fletching
27:58 Padded Archer Armor
48:10 Heavy Plow
49:47 Leather Archer Armor
50:55 Ballistics
56:01 Bodkin Arrow
jdatuestaf
8:14 Loom
12:55 Feudal Age
14:25 Loom
17:08 Wheelbarrow
17:16 Double-Bit Axe
17:14 Horse Collar
17:30 Gold Mining
22:49 Castle Age
21:34 Scale Barding Armor
22:30 Bloodlines
26:15 Forging
29:10 Chain Barding Armor
31:29 Gold Shaft Mining
30:57 Heavy Plow
31:13 Bow Saw
31:22 Hand Cart
33:17 Iron Casting
36:04 Town Watch
38:48 Stone Mining
41:23 Capped Ram
44:24 Caravan
55:49 Steppe Husbandry
camilo.quija
11:34 Feudal Age
12:06 Double-Bit Axe
14:42 Loom
14:48 Man-at-Arms
15:42 Forging
15:33 Scale Mail Armor
22:57 Castle Age
24:47 Bow Saw
30:30 Wagenburg Tactics
33:02 Masonry
33:13 Ballistics
35:33 Chemistry
rincon9r7
10:40 Feudal Age
15:28 Loom
22:36 Castle Age
21:29 Double-Bit Axe
29:01 Horse Collar
31:55 Bow Saw
36:50 Heavy Plow
38:36 Wheelbarrow
38:34 Caravan
43:47 Imperial Age
44:50 Ballistics
44:55 Hand Cart
46:24 Chemistry
45:57 Conscription
47:14 Logistica
49:05 Elite Cataphract
Connection lost

Rejoining the realm…

Still unreachable

The connection could not be restored.

Session expired

The server has moved on; the page needs a fresh start.